 Dungeon Crawl Stone Soup version 0.26-a0-774-g1415c89e12 (webtiles) character file.

Game seed: 5665460702866602860

(classic levelgen) 1725584 EnegeticOcto the Impregnable (level 27, 224/224 HPs)
             Began as a Formicid Ice Elementalist on Nov 9, 2020.
             Was a High Priest of Cheibriados.
             Escaped with the Orb
             ... and 3 runes!
             The game lasted 02:11:39 (66347 turns).

EnegeticOcto the Impregnable (FoIE)                Turns: 66347, Time: 02:11:39

Health: 224/224    AC: 51    Str: 27    XL:     27
Magic:  40/40      EV: 20    Int: 36    God:    Cheibriados [*****.]
Gold:   6159       SH: 33    Dex: 20    Spells: 5/46 levels left

rFire    + . .     SeeInvis +   b - +4 lajatang (vamp)
rCold    + . .     Faith    .   G - +6 tower shield
rNeg     + + .     Spirit   .   v - +10 pearl dragon scales
rPois    +         Reflect  +   (helmet unavailable)
rElec    .         Harm     .   x - +2 cloak of New Discoveries {rF+ Regen+}
rCorr    +         Rampage  .   X - +2 pair of gloves of Day {+Inv rN+}
MR       ++...     Clarity  +   P - +0 pair of boots of the Hurricane {rPois rCorr}
Stlth    ++........             m - amulet "Sotedom" {Reflect SH+5 Stlth+}
HPRegen  0.87/turn              I - ring of protection from cold
MPRegen  0.27/turn              K - ring of Robustness {AC+8, =R}

@: very slow
A: permanent stasis, dig shafts and tunnels, four strong arms, antennae 3,
molten scales 1, thin metallic scales 1, clarity, clumsy 2, deterioration 2,
dopey 1, high mp 1, screaming 1, weak 1
0: Orb of Zot
}: 3/15 runes: decaying, barnacled, silver
a: Dig, Shaft Self, Bend Time, Temporal Distortion, Slouch, Step From Time,
Renounce Religion, Evoke Invisibility


You escaped.
You worshipped Cheibriados.
Cheibriados was extremely pleased with you.
You visited 9 branches of the dungeon, and saw 49 of its levels.
You also visited: Gauntlet, Ice Cave and Wizlab.

You collected 9447 gold pieces.
You spent 3288 gold pieces at shops.

Inventory:

Hand Weapons
 b - a +4 vampiric lajatang (weapon)
 E - a +4 dagger of distortion
Missiles
 j - 9 throwing nets {!f}
 p - 21 curare-tipped darts (quivered)
Armour
 v - +10 pearl dragon scales (worn)
 x - the +2 cloak of New Discoveries (worn) {rF+ Regen+}

   It protects you from fire.
   It increases your rate of regeneration.
 G - a +6 tower shield (worn)
 P - the +0 pair of boots of the Hurricane (worn) {rPois rCorr}

   It protects you from poison.
   It provides partial protection from all sources of acid and corrosion.
 X - the +2 pair of gloves of Day (worn) {+Inv rN+}

   It protects you from negative energy.
   It lets you turn invisible.
 Y - the -2 hat of the Alchemist {rElec rPois rF+ rC+ rN+ MR+ rMut rCorr}

   It protects you from fire.
   It protects you from cold.
   It insulates you from electricity.
   It protects you from poison.
   It protects you from negative energy.
   It affects your resistance to hostile enchantments.
   It provides partial protection from all sources of acid and corrosion.
   It protects you from mutation.
Magical Staves
 a - an uncursed staff of cold
 Q - an uncursed staff of air
Jewellery
 m - the amulet "Sotedom" (around neck) {Reflect SH+5 Stlth+}

   [amulet of reflection]

   It shields you and reflects attacks.
   It affects your SH (+5).
   It makes you more stealthy.
 y - the ring "Huesip" {rF+ rN++ Stlth-}

   [ring of protection from fire]

   It protects you from fire.
   It greatly protects you from negative energy.
   It makes you less stealthy.
 I - a ring of protection from cold (left hand)
 K - the ring of Robustness (right hand) {AC+8, =R}

   [ring of protection]

   It affects your AC (+8).
 W - an uncursed ring of wizardry
Wands
 u - a wand of paralysis (60)
 D - a wand of iceblast (55) {@v2}
 F - a wand of disintegration (16)
 L - a wand of digging (22) {@v3}
 N - a wand of polymorph (30)
 V - a wand of acid (3) {@v1}
 Z - a wand of enslavement (19)
Scrolls
 e - 4 scrolls of fear {!r}
 g - 4 scrolls of identify {@r1}
 k - 25 scrolls of remove curse {@r2}
 l - 2 scrolls of holy word
 r - 8 scrolls of fog {!r}
 C - a scroll of summoning
 S - 6 scrolls of vulnerability
 T - 3 scrolls of magic mapping {@r5 !r}
 U - 4 scrolls of immolation
Potions
 c - 19 potions of mutation
 d - 9 potions of lignification {@q6}
 h - 5 potions of magic
 i - 4 potions of cancellation
 n - 4 potions of invisibility
 o - 10 potions of flight
 t - 3 potions of ambrosia
 A - 11 potions of might {@q3 !q}
 H - 17 potions of curing {@q1 !q}
 J - 3 potions of resistance
 M - 6 potions of brilliance
 R - 2 potions of attraction
Miscellaneous
 f - a lightning rod (4/4)
 q - a phial of floods
 s - a tin of tremorstones (2/2)
 w - a box of beasts
 B - a phantom mirror
 O - a condenser vane


   Skills:
 - Level 20.0 Fighting
 - Level 14.0 Staves
 + Level 21.7 Armour
 - Level 13.0 Dodging
 - Level 14.0 Stealth
 - Level 15.0 Shields
 - Level 10.0 Spellcasting
 - Level 8.0 Conjurations
 - Level 6.0 Summonings
 - Level 12.0 Transmutations
 - Level 14.2 Ice Magic
 - Level 20.0 Earth Magic
 - Level 15.0 Invocations
 - Level 14.3 Evocations


You had 5 spell levels left.
You knew the following spells:

 Your Spells              Type           Power        Failure   Level
a - Iron Shot             Conj/Erth      #######...   1%          6
b - Hailstorm             Conj/Ice       #######.     1%          4
c - Irradiate             Conj/Tmut      ######....   1%          5
d - Frozen Ramparts       Ice            ######       1%          3
e - Summon Ice Beast      Ice/Summ       ######..     1%          4
f - Freeze                Ice            ####         0%          1
g - Lee's Rapid Deconstr  Erth           ########..   1%          5
h - Yara's Violent Unrav  Hex/Tmut       ######....   9%          5
z - Ozocubu's Armour      Ice            #######.     1%          3
M - Borgnjor's Vile Clut  Necr/Erth      ######....   1%          5

Your spell library contained the following spells:

 Spells                   Type           Power        Failure   Level
 Sandblast                Erth           ######       0%          1
 Passwall                 Tmut/Erth      #######.     0%          2
 Beastly Appendage        Tmut           ######       1%          1
 Foxfire                  Conj/Fire      ####         1%          1
 Magic Dart               Conj           ####         1%          1
 Shock                    Conj/Air       ####         1%          1
 Sting                    Tmut/Pois      ####         1%          1
 Summon Small Mammal      Summ           ####         1%          1
 Call Imp                 Summ           ######..     1%          2
 Ensorcelled Hibernation  Hex/Ice        ######       1%          2
 Searing Ray              Conj           ######       1%          2
 Wereblood                Tmut           #######.     1%          2
 Call Canine Familiar     Summ           ######..     1%          3
 Spider Form              Tmut/Pois      ######....   1%          3
 Stone Arrow              Conj/Erth      ######       1%          3
 Ice Form                 Ice/Tmut       #######.     1%          4
 Petrify                  Tmut/Erth      #######.     1%          4
 Blade Hands              Tmut           #######...   1%          5
 Conjure Flame            Conj/Fire      #####...     2%          3
 Dazzling Flash           Conj/Hex       #####.       2%          3
 Ignite Poison            Fire/Tmut/Pois #####...     2%          3
 Static Discharge         Conj/Air       #####...     2%          3
 Bolt of Magma            Conj/Fire/Erth ######....   2%          5
 Animate Skeleton         Necr           ###...       3%          1
 Corona                   Hex            ###....      3%          1
 Pain                     Necr           ###.         3%          1
 Summon Guardian Golem    Hex/Summ       #####...     3%          3
 Mephitic Cloud           Conj/Pois/Air  #####...     4%          3
 Iskenderun's Battlesphe  Conj           ######..     4%          5
 Corpse Rot               Necr/Air       N/A          6%          2
 Poisonous Vapours        Pois/Air       ###...       6%          2
 Slow                     Hex            ###.....     6%          2
 Sublimation of Blood     Necr           ###.......   6%          2
 Metabolic Englaciation   Hex/Ice        ######....   6%          5
 Fulminant Prism          Conj/Hex       #####.....   8%          4
 Iskenderun's Mystic Bla  Conj/Tloc      #####...     8%          4
 Sticky Flame             Conj/Fire      #####...     8%          4
 Alistair's Intoxication  Tmut/Pois      ######...    9%          5
 Summon Lightning Spire   Summ/Air       #####...     11%         4
 Confusing Touch          Hex            ###.....     12%         3
 Gell's Gravitas          Tloc           ###.......   12%         3
 Inner Flame              Hex/Fire       ###.....     12%         3
 Tukima's Dance           Hex            ###.....     12%         3
 Vampiric Draining        Necr           ###.......   12%         3
 Fireball                 Conj/Fire      #####.....   21%         5
 Lightning Bolt           Conj/Air       #####.....   21%         5
 Summon Mana Viper        Hex/Summ       #####...     30%         5
 Airstrike                Air            ###.......   36%         4
 Animate Dead             Necr           ###.......   36%         4
 Olgreb's Toxic Radiance  Pois           ###.....     36%         4
 Agony                    Necr           ###.....     71%         5
 Silence                  Hex/Air        ###.......   71%         5
 Statue Form              Tmut/Erth      #######..    1%          6
 Hydra Form               Tmut           #######...   4%          6
 Dragon Form              Tmut           #######...   24%         7
 Freezing Cloud           Conj/Ice/Air   ######....   28%         6
 Simulacrum               Ice/Necr       ######....   32%         6
 Eringya's Noxious Bog    Tmut/Pois      ######....   45%         6
 Shadow Creatures         Summ           N/A          45%         6
 Conjure Ball Lightning   Conj/Air       #####.....   75%         6
 Orb of Destruction       Conj           ######....   77%         7
 Spellforged Servitor     Conj/Summ      ######....   88%         7
 Monstrous Menagerie      Summ           ######....   95%         7
 Summon Greater Demon     Summ           ######....   95%         7
 Death Channel            Necr           ###.......   99%         6
 Invisibility             Hex            ###.....     99%         6
 Malign Gateway           Summ/Tloc      #####.....   100%        7
 Summon Horrible Things   Summ           ######....   100%        8
 Tornado                  Air            ###.......   100%        9
 Blink                    Tloc           Unusable     N/A         2
 Swiftness                Air            Unusable     N/A         2

Dungeon Overview and Level Annotations

Branches:
Dungeon (15/15)            Temple (0/1) D:4            Lair (6/6) D:11
  Swamp (4/4) Lair:3       Shoals (4/4) Lair:4        Slime (0/5) Lair:6
    Orc (2/2) D:12            Elf (3/3) Orc:2        Vaults (5/5) D:14
  Crypt (0/3) Vaults:3     Depths (5/5) D:15            Zot (5/5) Depths:5
  IceCv (visited)          WizLab (visited)         Gauntlet (visited)
  Snake: Lair:2-4    Spider: Lair:2-4

Altars:
Ashenzari
Cheibriados
Dithmenos
Fedhas
Gozag
Hepliaklqana
Makhleb
Nemelex Xobeh
Qazlal
Ru
Trog
Vehumet
Zin
The Shining One
Beogh

Shops:
D:4 ?   D:10 [   D:14 =   Orc:2 }([!*   Elf:2 }=   Elf:3 ?   Vaults:2 *
Vaults:3 (   Vaults:4 [   Depths:1 }=}   Depths:3 [}}*}

Portals:
Hell: Depths:1 Depths:2 Depths:3 Depths:4
Abyss: Depths:4
Pandemonium: Orc:2 Depths:1 Depths:3
Ziggurat: Depths:5

Annotations:
Lair:4 exclusion: oklob plant
Swamp:3 2 transporters, TheWayOfAllFlesh's ghost, adept TeFE
Elf:2 3 runed translucent doors
Vaults:3 1 runed translucent door, Qoonutun's ghost, adept DsCj
Zot:5 1 exclusion


Innate Abilities, Weirdness & Mutations

You cannot be hasted, slowed, berserked, paralysed or teleported.
You can dig through walls and to a lower floor.
Your four strong arms can wield two-handed weapons with a shield.
You have a pair of large antennae on your head. (SInv)
You are partially covered in molten scales. (AC +2)
You are partially covered in thin metallic scales. (AC +2)
You possess an exceptional clarity of mind.
You are very clumsy. (Dex -4)
Your body often deteriorates upon taking damage.
You are dopey. (Int -2)
You have an increased reservoir of magic. (+10% MP)
You occasionally shout uncontrollably at your foes.
You are weak. (Str -2)


Message History

You are very lightly contaminated with residual magic.
You block the monstrous black sun's attack. x3
The cacodemon closely misses you. The cacodemon misses you.
You block the lorocyproca's attack.
You block the monstrous black sun's attack. x2
The monstrous black sun gores you but does no damage.
The cacodemon gestures at you.
Strange energies course through your body.
You feel clumsy. You block the lorocyproca's attack.
You climb upwards.
There is a stone staircase leading down here.
Casting: Irradiate (mildly dangerous; 2% risk of failure)
Confirm with . or Enter, or press ? or * to list all spells.
You erupt in a fountain of uncontrolled magic!
The monstrous black sun is blasted with magical radiation!!!
The monstrous black sun is heavily wounded.
The monstrous black sun twists and deforms.
The cacodemon is blasted with magical radiation!!!
The cacodemon is severely wounded.
The cacodemon twists and deforms.
You block the monstrous black sun's attack. x2
The monstrous black sun gores you but does no damage.
The cacodemon closely misses you.
The cacodemon hits you but does no damage.
Casting: Irradiate (mildly dangerous; 2% risk of failure)
Confirm with . or Enter, or press ? or * to list all spells.
You erupt in a fountain of uncontrolled magic!
The monstrous black sun is blasted with magical radiation!!
The monstrous black sun is severely wounded.
The monstrous black sun twists and deforms.
The cacodemon is blasted with magical radiation!!!
You kill the cacodemon!
Cheibriados thoroughly appreciates the change of pace.
You are lightly contaminated with residual magic.
The monstrous black sun mumbles some strange prayers to Kikubaaqudgha against you.
The bolt of negative energy misses you.
The bolt of negative energy misses the lorocyproca.
Casting: Irradiate (mildly dangerous; 1% risk of failure)
Confirm with . or Enter, or press ? or * to list all spells.
Aiming: Iron Shot (mildly dangerous; 2% risk of failure)
Press: ? - help, Shift-Dir - straight line, f - monstrous black sun
Aim: a monstrous black sun, wearing a +0 plate armour (severely wounded, absorbing vital energies, misshapen and mutated)
The iron shot hits the monstrous black sun!!!
You kill the monstrous black sun!
Cheibriados appreciates the change of pace.
You block the lorocyproca's attack.
Casting: Iron Shot (mildly dangerous; 1% risk of failure)
Confirm with . or Enter, or press ? or * to list all spells.
Aiming: Iron Shot (mildly dangerous; 1% risk of failure)
Press: ? - help, Shift-Dir - straight line, f - lorocyproca
Aim: a lorocyproca (heavily wounded, absorbing vital energies, slightly transparent, misshapen and mutated)
The iron shot hits the lorocyproca!!!
You kill the lorocyproca!
Cheibriados appreciates the change of pace.
Your life force feels restored.
(D) Dungeon (T) Temple (L) Lair (S) Swamp (A) Shoals (M) Slime Pits (O) Orcish Mines (E) Elven Halls (V) Vaults (C) Crypt (U) Depths (H) Hell (Z) Zot
Where to? (Enter - D:1 @ (x,y), ? - help) HP restored.
You sense a monster nearby.
(D) Dungeon (T) Temple (L) Lair (S) Swamp (A) Shoals (M) Slime Pits (O) Orcish Mines (E) Elven Halls (V) Vaults (C) Crypt (U) Depths (H) Hell (Z) Zot
Where to? (Enter - D:1 @ (x,y), ? - help)
A blizzard demon comes into view.
The blizzard demon waves its arms in wide circles.
The air twists around and strikes you.
There is a stone staircase leading up here.
You climb upwards.
There is a stone staircase leading down here.
(D) Dungeon (T) Temple (L) Lair (S) Swamp (A) Shoals (M) Slime Pits (O) Orcish Mines (E) Elven Halls (V) Vaults (C) Crypt (U) Depths (H) Hell (Z) Zot
Where to? (Enter - D:1 @ (x,y), ? - help)
Things that are here:
a +0 falchion; a +0 hand axe
Things that are here:
a +0 ring mail; a +0 flail You see here a +0 dagger.
There is a stone staircase leading up, spattered with blood here.
You climb upwards.
There is a stone staircase leading down here.
You see here a +0 robe.
Magic restored.
Your magical contamination has completely faded away.
There is a stone staircase leading up here.
You climb upwards.
There is a stone staircase leading down here.
There is a staircase leading out of the dungeon here.
You are a level 27 Formicid Ice Elementalist.
I'm sorry, level 27 is as high as you can go.
With the way you've been playing, I'm surprised you got this far.
Play time: 02:10:52 (66346 turns) Unknown command.
You have escaped!

....# #.## ###..##.....#..##....
#.#.###.# #...###...###.######
#.#....## ###)### #######'#
#.#.#.## #.#.#.#♣♣♣♣♣#.#.#
..#.#.# #.#.............#
#.#.#.######.#..♣..♣.♣..♣..#
##..#........#≈#♣♣..≈..♣♣#≈#
#............#≈#P♣.≈≈≈.♣P#≈#
.....#.......#≈#@..≈8≈..>#≈#
.##.###..#...#≈#P♣.≈≈≈.♣P#≈#
.###.#.#.....#≈#♣♣..≈..♣♣#≈# .#
##.#####.##..♣..♣.♣..♣..#
.####.#####.##.............######
.............#.#.#♣♣♣♣♣#.#.#.....
..###........#'### ###'#.#### >.#
#..####.##.# #...# .## #..#
#)##.# #####


There were no monsters in sight!

Vanquished Creatures
  A juggernaut (Depths:4)
  An ancient lich (Zot:5)
  Sojobo (Vaults:4)
  Boris (Depths:5)
  A Killer Klown (Zot:5)
  Saint Roka (Elf:2)
  A curse toe (Zot:2)
  4 caustic shrikes (Depths:5)
  The ghost of RaHiT the Fencer, a veteran GnWn of Qazlal (Depths:2)
  7 golden dragons
  An electric golem (Zot:5)
  A Tzitzimitl (D:8)
  Jorgrun (Swamp:3)
  11 tentacled monstrosities
  5 liches
  A deep elf blademaster (Elf:3)
  An Ice Fiend (Depths:5)
  22 Orb Guardians
  7 titans
  3 quicksilver dragons
  5 death cobs
  2 Executioners
  2 deep elf master archers (Elf:3)
  Agnes (D:14)
  12 storm dragons
  4 draconian monks
  10 tengu reavers
  Donald (Swamp:3)
  11 shadow dragons
  A fenstrider witch (Swamp:3)
  14 fire giants
  7 deep elf sorcerers
  11 frost giants
  12 vault wardens
  3 draconian scorchers
  2 ghost moths (Zot:3)
  A black sun (D:4)
  2 draconian knights
  2 iron dragons
  3 orc warlords
  2 deep elf elementalists (Elf:3)
  A draconian stormcaller (Zot:3)
  2 cacodemons
  3 war gargoyles (Vaults:5)
  2 draconian shifters
  A warmonger (Depths:1)
  14 ironheart preservers
  A reaper (Depths:1)
  23 very ugly things
  5 draconian annihilators
  An entropy weaver (Vaults:3)
  3 green draconians
  17 stone giants
  4 deep elf demonologists
  A minotaur (Gauntlet)
  4 yellow draconians
  7 red draconians
  7 black draconians
  5 dire elephants (Lair:6)
  11 purple draconians
  A lorocyproca (D:4)
  4 white draconians
  7 deep elf annihilators
  5 spark wasps
  A bunyip (Swamp:3)
  6 deep elf death magi
  14 ettins
  A merfolk javelineer (Shoals:4)
  A death ooze (Gauntlet)
  An ettin (shapeshifter) (Vaults:5)
  10 great orbs of eyes
  2 blizzard demons (IceCv)
  Josephine (D:14)
  5 eleionomae
  4 deep elf high priests
  5 fire dragons
  6 merfolk impalers
  A green death (Zot:5)
  2 shambling mangroves (Swamp:4)
  Harold (D:9)
  A rakshasa (Depths:1)
  A monstrous demonspawn (Depths:1)
  22 yaktaur captains
  4 spriggan air magi
  A boulder beetle (shapeshifter) (Vaults:5)
  20 hydras
  5 boulder beetles
  7 centaur warriors
  29 vault guards
  3 merfolk avatars
  A hell beast (Depths:4)
  8 ice dragons
  A merfolk aquamancer (Shoals:4)
  Erica (D:9)
  2 death knights
  An alligator snapping turtle (Shoals:2)
  An anaconda (Lair:6)
  60 two-headed ogres
  16 ogre magi
  7 deep troll shamans
  9 tengu warriors
  10 dancing weapons
  3 satyrs
  10 orc high priests
  7 alligators
  9 deep troll earth magi
  An iron golem (WizLab)
  A vampire mage (Depths:4)
  5 goliath frogs
  15 deep elf knights
  A sixfirhy (Orc:2)
  4 iron trolls
  A titan skeleton (Depths:4)
  4 unseen horrors (shapeshifter)
  3 unseen horrors
  10 skeletal warriors
  9 sea snakes
  31 deep trolls
  2 gelid demonspawn (Orc:2)
  2 glowing orange brains (shapeshifter)
  5 spriggan druids
  21 deep elf archers
  7 flayed ghosts
  4 bog bodies
  16 ironbrand convokers
  A tengu zombie (Vaults:2)
  4 wizards
  A mana viper (shapeshifter) (Vaults:1)
  10 swamp dragons
  5 phantasmal warriors
  26 orc knights
  A glowing orange brain (Depths:5)
  A harpy (shapeshifter) (WizLab)
  6 harpies
  A lindwurm (Lair:6)
  An orb spider (shapeshifter) (WizLab)
  A shining eye (shapeshifter) (WizLab)
  A tengu skeleton (Vaults:3)
  10 orc sorcerers
  2 wolf spiders (Vaults:1)
  17 fauns
  2 necromancers
  3 salamanders (shapeshifter)
  65 deep elf magi
  6 elephants
  12 large abominations
  44 ugly things
  2 salamanders
  11 manticores
  4 will-o-the-wisps
  11 moths of wrath
  A stone giant skeleton (Vaults:3)
  5 cyclopes
  2 rust devils
  2 fire giant skeletons
  An iron dragon skeleton (Depths:4)
  7 black mambas
  An ice statue (Swamp:2)
  2 guardian serpents (shapeshifter)
  2 elephants (shapeshifter)
  5 water nymphs
  Psyche (D:8)
  14 vault sentinels
  8 merfolk sirens
  A smoke demon (Depths:1)
  Joseph (D:8)
  2 cane toads (shapeshifter)
  3 orange demons
  3 gargoyles
  17 cane toads
  Maggie (D:10)
  A komodo dragon (shapeshifter) (WizLab)
  A rime drake (shapeshifter) (WizLab)
  70 yaktaurs
  A kobold demonologist (D:13)
  5 tengu conjurers
  2 anaconda simulacra (IceCv)
  A hellion (Depths:1)
  7 komodo dragons
  12 freezing wraiths
  A yaktaur (shapeshifter) (WizLab)
  4 rime drakes
  3 ice devils
  2 hellwings
  14 trolls
  5 red devils
  A queen bee (shapeshifter) (Elf:3)
  5 polar bears
  A golden dragon simulacrum (IceCv)
  6 wind drakes
  34 merfolk
  A yaktaur skeleton (Vaults:3)
  A meliai (shapeshifter) (WizLab)
  2 trolls (shapeshifter) (WizLab)
  A tengu simulacrum (Depths:4)
  15 hornets
  5 tyrant leeches
  3 blink frogs (shapeshifter)
  16 slime creatures
  A nameless horror (D:4)
  2 elf zombies (Depths:4)
  9 snapping turtles
  7 blink frogs
  4 raiju (shapeshifter)
  A dream sheep (shapeshifter) (WizLab)
  3 redbacks (Vaults:3)
  12 water elementals
  31 yaks
  14 spriggans
  A spriggan (shapeshifter) (WizLab)
  4 air elementals
  9 wraiths
  2 hogs (shapeshifter) (WizLab)
  2 ettin skeletons (Vaults:3)
  A yak (shapeshifter) (WizLab)
  A ynoxinul (Orc:2)
  A vampire (D:13)
  2 dire elephant simulacra
  2 humans (shapeshifter) (WizLab)
  3 basilisks
  5 wyverns
  2 fire elementals
  A steam dragon (D:9)
  2 golden eyes (shapeshifter)
  3 human simulacra
  2 death yak simulacra (IceCv)
  A chaos spawn (Orc:2)
  4 vampire mosquitoes (Swamp:3)
  A soldier ant (D:12)
  17 wargs
  17 swamp worms
  3 harpy simulacra (IceCv)
  A swamp worm (shapeshifter) (Vaults:2)
  3 acid dragons
  14 water moccasins
  3 hydra simulacra (IceCv)
  Duvessa (D:7)
  5 floating eyes
  A floating eye (shapeshifter) (WizLab)
  4 ice beasts
  An eye of draining (D:9)
  3 phantoms
  7 swamp drakes
  An alligator simulacrum (IceCv)
  5 sky beasts
  A necrophage (D:9)
  58 orc warriors
  35 ogres
  An eye of draining (shapeshifter) (WizLab)
  A wolf (shapeshifter) (Vaults:4)
  21 wolves
  6 boggarts
  28 centaurs
  An elf skeleton (Vaults:3)
  8 human skeletons
  6 small abominations (WizLab)
  21 bullfrogs
  5 earth elementals
  A cane toad simulacrum (Lair:4)
  A water moccasin zombie (D:8)
  A wyvern skeleton (D:14)
  5 scorpions
  Dowan (D:7)
  An orc simulacrum (Vaults:1)
  2 swamp dragon simulacra (IceCv)
  3 killer bees (D:9)
  2 electric eels
  7 wights
  7 howler monkeys
  3 vampire bats (Lair:4)
  A centaur zombie (D:9)
  2 quasits
  2 bullfrog zombies
  4 draconian simulacra (IceCv)
  3 jellies
  7 centaur skeletons
  33 orc priests
  8 hounds
  A water moccasin simulacrum (Lair:4)
  6 bullfrog skeletons
  11 worker ants
  8 iguanas
  35 orc wizards
  A spriggan simulacrum (IceCv)
  5 troll simulacra (IceCv)
  A centaur simulacrum (IceCv)
  A hound zombie (D:5)
  2 hound skeletons
  3 gnolls (D:3)
  2 ogre simulacra (IceCv)
  18 adders
  3 naga simulacra (IceCv)
  4 shadow imps
  6 white imps
  7 ufetubi
  An ooze (D:3)
  An adder zombie (D:5)
  4 worms
  3 dart slugs
  7 leopard geckos
  128 orcs
  5 giant cockroaches
  7 hobgoblins
  8 jackals
  5 quokkas
  2 ball pythons (D:3)
  11 bats
  7 frilled lizards
  8 goblins
  A jackal skeleton (D:8)
  A jackal zombie (D:6)
  6 kobolds
  9 rats
  A fire vortex (Depths:1)
2132 creatures vanquished.

Vanquished Creatures (collateral kills)
  4 ancient liches (Zot:5)
  2 orbs of fire (Zot:5)
  A Killer Klown (Zot:5)
  A mutant beast (WizLab)
  An Orb Guardian (Zot:5)
  A deep elf blademaster (Elf:3)
  A deep elf elementalist (Elf:3)
  An ironheart preserver (D:14)
  A very ugly thing (WizLab)
  A bunyip (Swamp:3)
  A deep elf demonologist (Elf:3)
  A dire elephant (Lair:6)
  A shambling mangrove (Swamp:1)
  A hydra (Lair:5)
  A centaur warrior (D:14)
  A death knight (D:13)
  A catoblepas (D:13)
  An alligator (Swamp:3)
  A tengu warrior (D:11)
  A swamp dragon (Swamp:3)
  A bog body (Swamp:3)
  A spriggan druid (Swamp:4)
  A wizard (Gauntlet)
  2 harpies (Shoals:3)
  An orc knight (Orc:2)
  4 oklob plants
  A manticore (D:11)
  An ugly thing (D:14)
  2 elephants
  A smoke demon (Orc:2)
  A black mamba (Lair:6)
  A komodo dragon (Lair:1)
  A rime drake (Shoals:2)
  A tengu conjurer (D:15)
  A freezing wraith (D:13)
  3 polar bears
  A hornet (Swamp:1)
  A troll (D:11)
  A merfolk (Shoals:3)
  2 wind drakes (Shoals:2)
  3 blink frogs (Lair:3)
  A spriggan (Swamp:1)
  A wyvern (Lair:3)
  3 yaks
  A basilisk (Lair:6)
  2 steam dragons (Shoals:2)
  A warg (D:10)
  A swamp worm (Swamp:3)
  A water moccasin (Lair:4)
  A nameless horror (D:7)
  2 swamp drakes (Swamp:4)
  A hornet zombie (D:10)
  5 orc warriors (Orc:2)
  3 ogres
  A wolf (D:11)
  A cane toad simulacrum (Lair:4)
  A scorpion (D:11)
  A water moccasin skeleton (D:8)
  9 wights
  A vampire bat (Lair:4)
  2 centaur skeletons
  3 orc priests
  6 orc wizards
  Crazy Yiuf (D:7)
  2 iguanas
  A worker ant (D:11)
  2 worker ant zombies
  A white imp (Gauntlet)
  5 orcs
  2 jackals (D:6)
  2 bats (Lair:4)
119 creatures vanquished.

Vanquished Creatures (others)
  2 draconian knights (Zot:3)
  A deep elf annihilator (Vaults:5)
  A deep elf knight (Vaults:5)
  A deep elf mage (Elf:1)
  A bloated husk (Swamp:2)
  A hornet (Swamp:1)
  A spriggan (Swamp:2)
  A shadow (D:14)
  A hog (shapeshifter) (Vaults:5)
  A warg (Elf:2)
  An ice beast (D:9)
  A sky beast (shapeshifter) (Vaults:1)
  2 orc warriors
  A boggart (Vaults:1)
  A jelly (D:9)
  An orc wizard (Vaults:2)
  3 white imps (IceCv)
  An ufetubus (IceCv)
  6 orcs
  26 foxfires
  26 fungi
  208 plants
288 creatures vanquished.

Grand Total: 2539 creatures vanquished

Notes
Turn   | Place    | Note
-------+----------+-------------------------------------------
     0 | D:1      | EnegeticOcto the Formicid Ice Elementalist began the quest
                  | for the Orb.
     0 | D:1      | Reached XP level 1. HP: 13/13 MP: 3/3
   167 | D:1      | Reached XP level 2. HP: 18/19 MP: 1/5
   215 | D:1      | Reached skill level 3 in Stealth
   631 | D:1      | Reached XP level 3. HP: 24/24 MP: 4/6
   978 | D:1      | Learned a level 3 spell: Frozen Ramparts
  1317 | D:2      | Reached skill level 4 in Stealth
  1413 | D:2      | Reached XP level 4. HP: 26/30 MP: 4/7
  1455 | D:2      | Found a snail-covered altar of Cheibriados.
  1527 | D:2      | Became a worshipper of Cheibriados the Contemplative
  1606 | D:2      | Noticed a moth of wrath
  1610 | D:2      | Found a bloodstained altar of Trog.
  1633 | D:2      | Reached skill level 5 in Ice Magic
  2305 | D:3      | Reached * piety under Cheibriados
  2305 | D:3      | Reached XP level 5. HP: 35/35 MP: 8/8
  2728 | D:3      | Reached skill level 5 in Stealth
  2728 | D:3      | Reached XP level 6. HP: 28/41 MP: 2/9
  2978 | D:3      | Reached skill level 6 in Ice Magic
  3075 | D:3      | Reached ** piety under Cheibriados
  3313 | D:4      | Found a staircase to the Ecumenical Temple.
  3398 | D:4      | Reached XP level 7. HP: 46/46 MP: 6/10
  3467 | D:4      | Found Ocugit's Magic Scroll Shoppe.
  3486 | D:4      | Bought a scroll of identify for 26 gold pieces
  3486 | D:4      | Bought a scroll of identify for 26 gold pieces
  3486 | D:4      | Bought a scroll of identify for 26 gold pieces
  3520 | D:4      | Found an opulent altar of Gozag.
  3567 | D:4      | Reached skill level 6 in Stealth
  3575 | D:4      | Learned a level 4 spell: Summon Ice Beast
  3709 | D:4      | Reached skill level 7 in Ice Magic
  4057 | D:4      | Reached skill level 1 in Summonings
  4226 | D:5      | Entered Level 5 of the Dungeon
  4232 | D:5      | Reached skill level 1 in Shields
  4411 | D:5      | Found a sacrificial altar of Ru.
  4423 | D:5      | Found a glowing silver altar of Zin.
  4425 | D:5      | Found an opulent altar of Gozag.
  4429 | D:5      | Found a hazy altar of Hepliaklqana.
  4687 | D:5      | Reached *** piety under Cheibriados
  4687 | D:5      | Reached XP level 8. HP: 53/53 MP: 7/11
  4779 | D:5      | Reached skill level 2 in Summonings
  5066 | D:5      | Noticed a nameless horror
  5087 | D:4      | Killed a nameless horror
  5263 | D:5      | Reached skill level 1 in Fighting
  5263 | D:5      | Reached skill level 2 in Shields
  5445 | D:5      | HP: 2/54 [ice beast (6)]
  5448 | D:5      | Reached skill level 3 in Summonings
  5448 | D:5      | Reached skill level 1 in Invocations
  5693 | D:5      | Reached skill level 2 in Fighting
  6344 | D:6      | Reached skill level 4 in Summonings
  6344 | D:6      | Reached skill level 2 in Invocations
  6472 | D:6      | Reached skill level 3 in Fighting
  6643 | D:6      | Reached skill level 5 in Summonings
  6731 | D:6      | Found a shadowy altar of Dithmenos.
  6757 | D:6      | Reached XP level 9. HP: 60/63 MP: 6/12
  6772 | D:6      | Learned a level 3 spell: Ozocubu's Armour
  6877 | D:6      | Reached skill level 3 in Spellcasting
  7143 | D:7      | Found a broken altar of Ashenzari.
  7347 | D:7      | Reached skill level 8 in Ice Magic
  7407 | D:7      | Noticed a nameless horror
  7410 | D:7      | Killed a nameless horror
  7610 | D:7      | Reached **** piety under Cheibriados
  7681 | D:7      | Found a runed translucent door.
  7682 | D:7      | Noticed Crazy Yiuf
  7689 | D:7      | Killed Crazy Yiuf
  7789 | D:7      | Found a blossoming altar of Fedhas.
  7852 | D:7      | Noticed Duvessa
  7853 | D:7      | Noticed Dowan
  7860 | D:7      | Killed Dowan
  7864 | D:7      | Killed Duvessa
  7864 | D:7      | Reached skill level 4 in Spellcasting
  7864 | D:7      | Reached skill level 6 in Summonings
  8680 | D:8      | Noticed Psyche
  8783 | D:8      | Noticed Joseph
  8792 | D:8      | Reached skill level 9 in Ice Magic
  8795 | D:8      | Killed Joseph
  8923 | D:8      | Reached skill level 10 in Ice Magic
  8923 | D:8      | Reached XP level 10. HP: 67/70 MP: 13/16
  8941 | D:8      | Learned a level 4 spell: Hailstorm
  8958 | D:8      | Reached skill level 1 in Armour
  9394 | D:8      | Reached ***** piety under Cheibriados
  9394 | D:8      | Reached skill level 2 in Armour
  9394 | D:8      | Reached skill level 1 in Conjurations
  9394 | D:8      | Reached skill level 3 in Invocations
  9396 | D:8      | Reached skill level 4 in Fighting
  9722 | D:8      | Killed Psyche
  9722 | D:8      | Reached skill level 3 in Armour
  9722 | D:8      | Reached skill level 2 in Conjurations
  9722 | D:8      | Reached skill level 4 in Invocations
  9842 | D:9      | Noticed Erica
  9852 | D:9      | Killed Erica
  9852 | D:9      | Reached skill level 5 in Fighting
  9852 | D:9      | Reached skill level 3 in Conjurations
  9852 | D:9      | Reached skill level 5 in Invocations
 10096 | D:9      | Reached skill level 4 in Conjurations
 10096 | D:9      | Reached skill level 6 in Invocations
 10189 | D:9      | Reached skill level 1 in Evocations
 10385 | D:9      | Reached XP level 11. HP: 79/79 MP: 17/17
 10419 | D:9      | Reached skill level 3 in Shields
 10583 | D:9      | Noticed Harold
 10592 | D:9      | Killed Harold
 10592 | D:9      | Reached skill level 2 in Evocations
 10683 | D:9      | Found a burning altar of Makhleb.
 10934 | D:10     | Entered Level 10 of the Dungeon
 11010 | D:10     | Reached skill level 4 in Armour
 11082 | D:10     | Reached skill level 4 in Shields
 11194 | D:10     | Reached skill level 5 in Spellcasting
 11274 | D:10     | Reached skill level 3 in Evocations
 11277 | D:10     | Reached skill level 6 in Fighting
 11802 | D:10     | Noticed Maggie
 11814 | D:10     | Killed Maggie
 11968 | D:10     | Found Faash's Antique Armour Shop.
 12011 | D:10     | Reached ****** piety under Cheibriados
 12844 | D:11     | Found a broken altar of Ashenzari.
 12870 | D:11     | Noticed a manticore
 12896 | D:11     | Noticed a red ugly thing
 12899 | D:11     | Reached skill level 5 in Shields
 12901 | D:11     | Killed a manticore
 12901 | D:11     | Reached skill level 5 in Armour
 12901 | D:11     | Reached skill level 4 in Evocations
 12905 | D:11     | Killed a red ugly thing
 13102 | D:11     | Found a staircase to the Lair.
 13108 | D:11     | Reached XP level 12. HP: 78/89 MP: 10/20
 13681 | D:11     | Reached skill level 6 in Spellcasting
 13815 | D:11     | Noticed a tengu warrior
 13820 | D:11     | Reached skill level 7 in Fighting
 13823 | D:11     | Killed a tengu warrior
 13823 | D:11     | Reached skill level 6 in Shields
 13823 | D:11     | Reached skill level 11 in Ice Magic
 13823 | D:11     | Reached skill level 5 in Evocations
 13826 | D:11     | Reached skill level 6 in Armour
 13950 | D:11     | Noticed an ettin
 14025 | D:11     | Killed an ettin
 14210 | Lair:1   | Entered Level 1 of the Lair of Beasts
 14979 | Lair:1   | Reached skill level 7 in Shields
 14979 | Lair:1   | Reached skill level 6 in Evocations
 15597 | Lair:2   | Reached skill level 8 in Fighting
 16171 | Lair:2   | Found a glowing silver altar of Zin.
 16319 | Lair:3   | Noticed a four-headed hydra
 16325 | Lair:3   | Killed a four-headed hydra
 16325 | Lair:3   | Reached skill level 8 in Shields
 16432 | Lair:3   | Reached XP level 13. HP: 89/98 MP: 15/22
 16500 | Lair:3   | You fall into a shaft and drop 3 floors!
 16500 | Lair:6   | Entered Level 6 of the Lair of Beasts
 16671 | Lair:6   | Reached skill level 12 in Ice Magic
 17036 | Lair:5   | Reached skill level 9 in Shields
 17165 | Lair:5   | Noticed a four-headed hydra
 17171 | Lair:5   | Reached skill level 2 in Dodging
 17176 | Lair:5   | Reached skill level 1 in Staves
 17177 | Lair:5   | Killed a four-headed hydra
 17183 | Lair:5   | Reached skill level 2 in Staves
 17187 | Lair:5   | Reached skill level 3 in Dodging
 17197 | Lair:5   | Noticed a five-headed hydra
 17205 | Lair:5   | Killed a five-headed hydra
 17205 | Lair:5   | Reached skill level 3 in Staves
 17477 | Lair:4   | Found a transporter.
 17538 | Lair:4   | You fall into a shaft and drop 2 floors!
 17649 | Lair:4   | Noticed a six-headed hydra
 17661 | Lair:4   | Killed a six-headed hydra
 17661 | Lair:4   | Reached skill level 9 in Fighting
 17717 | Lair:3   | Found a staircase to the Swamp.
 17733 | Lair:3   | Reached skill level 4 in Dodging
 17976 | Lair:3   | Reached skill level 4 in Staves
 18208 | Lair:3   | Got a coiled jade amulet
 18209 | Lair:3   | Identified the amulet "Sotedom" {Reflect SH+5 Stlth+} (You
                  | found it on level 3 of the Lair of Beasts)
 18576 | Lair:3   | Reached skill level 13 in Ice Magic
 18576 | Lair:3   | Reached XP level 14. HP: 108/108 MP: 23/23
 18766 | Lair:3   | Reached skill level 5 in Dodging
 18866 | Lair:3   | Reached skill level 5 in Staves
 19137 | Lair:4   | Reached skill level 10 in Fighting
 19291 | Lair:4   | Found a staircase to the Shoals.
 19301 | Lair:4   | Reached skill level 6 in Staves
 19562 | Lair:4   | Reached skill level 7 in Staves
 19707 | Lair:4   | Found a transporter.
 20070 | Lair:4   | Identified the +6 flail of Lust {vorpal, *Rage +Inv rElec
                  | SInv} (You found it on level 4 of the Lair of Beasts)
 21038 | Lair:6   | Found a staircase to the Slime Pits.
 21112 | Lair:6   | Found the ring of Robustness {AC+8}
 21768 | Lair:6   | Identified the +7 battleaxe "Asue" {speed, rElec MR- Dex+7}
                  | (You found it on level 6 of the Lair of Beasts)
 21816 | Lair:6   | Noticed a dire elephant
 21816 | Lair:6   | Noticed a dire elephant
 21827 | Lair:6   | Killed a dire elephant
 21832 | Lair:6   | Killed a dire elephant
 22009 | Lair:6   | Noticed a dire elephant
 22014 | Lair:6   | Noticed a dire elephant
 22020 | Lair:6   | Killed a dire elephant
 22029 | Lair:6   | Killed a dire elephant
 22071 | Lair:6   | Noticed a dire elephant
 22079 | Lair:6   | Killed a dire elephant
 22089 | Lair:6   | Noticed a dire elephant
 22100 | Lair:6   | Killed a dire elephant
 22357 | D:12     | Found a staircase to the Orcish Mines.
 22379 | D:12     | Found a gate leading to a gauntlet.
 22386 | Gauntlet | Entered a Gauntlet
 22386 | Gauntlet | Found a transporter.
 22386 | Gauntlet | Found a transporter.
 22408 | Gauntlet | Found a transporter.
 22419 | Gauntlet | Found a transporter.
 22420 | Gauntlet | Found a transporter.
 22424 | Gauntlet | Found a runed translucent door.
 22424 | Gauntlet | Found a runed translucent door.
 22428 | Gauntlet | Found a transporter.
 22444 | Gauntlet | Found a transporter.
 22458 | Gauntlet | Found a transporter.
 22462 | Gauntlet | Found a transporter.
 22470 | Gauntlet | Found a transporter.
 22474 | Gauntlet | Found a transporter.
 22498 | Gauntlet | Found a transporter.
 22546 | Gauntlet | Reached skill level 7 in Invocations
 22550 | Gauntlet | Got a translucent bronze ring
 22551 | Gauntlet | Identified the ring of Ezisyxi {+Inv rCorr Stlth+} (You
                  | found it in a Gauntlet)
 22773 | Gauntlet | Identified the +0 pair of boots of the Hurricane {rPois
                  | rCorr} (You found it in a Gauntlet)
 22841 | Gauntlet | Noticed a minotaur
 22850 | Gauntlet | Killed a minotaur
 23153 | D:12     | Reached skill level 7 in Armour
 23153 | D:12     | Reached skill level 8 in Staves
 23221 | D:12     | Reached XP level 15. HP: 117/117 MP: 24/24
 23236 | D:12     | Reached skill level 7 in Evocations
 23709 | Orc:1    | Entered Level 1 of the Orcish Mines
 24180 | Orc:2    | Entered Level 2 of the Orcish Mines
 24180 | Orc:2    | Found Irelis Wiyw's Antique Armour Boutique.
 24180 | Orc:2    | Found a roughly hewn altar of Beogh.
 24203 | Orc:2    | Reached skill level 10 in Shields
 24429 | Orc:2    | Found Boenly's Distillery.
 24448 | Orc:2    | Found Waxahowu's General Store.
 25006 | Orc:2    | Bought a potion of heal wounds for 50 gold pieces
 25008 | Orc:2    | Bought a potion of heal wounds for 70 gold pieces
 25036 | Orc:2    | Reached skill level 8 in Invocations
 25038 | Orc:2    | Reached skill level 11 in Fighting
 25149 | Orc:2    | Reached skill level 8 in Armour
 25149 | Orc:2    | Reached skill level 8 in Evocations
 25411 | Orc:2    | Found Sodeomoff's Gadget Shoppe.
 25411 | Orc:2    | Found a one-way gate leading to the halls of Pandemonium.
 25411 | Orc:2    | Found Hauchoo's Antique Weapon Emporium.
 25569 | Orc:2    | Noticed an orc warlord
 25599 | Orc:2    | Killed an orc warlord
 25751 | Orc:2    | Found a staircase to the Elven Halls.
 26225 | D:13     | Found a huge runed gate.
 26225 | D:13     | Found a huge runed gate.
 26225 | D:13     | Found a huge runed gate.
 26225 | D:13     | Found a huge runed gate.
 26225 | D:13     | Found a huge runed gate.
 26225 | D:13     | Found a huge runed gate.
 26225 | D:13     | Found a huge runed gate.
 26225 | D:13     | Found a huge runed gate.
 26226 | D:13     | Found a huge runed gate.
 26227 | D:13     | Found a huge runed gate.
 26240 | D:13     | Found a huge runed gate.
 26241 | D:13     | Found a huge runed gate.
 26241 | D:13     | Found a huge runed gate.
 26245 | D:13     | Found a huge runed gate.
 26245 | D:13     | Found a huge runed gate.
 26246 | D:13     | Found a huge runed gate.
 26246 | D:13     | Found a huge runed gate.
 26247 | D:13     | Found a huge runed gate.
 26247 | D:13     | Found a huge runed gate.
 26248 | D:13     | Found a huge runed gate.
 26890 | D:13     | Found a huge runed gate.
 26890 | D:13     | Found a huge runed gate.
 26891 | D:13     | Found a huge runed gate.
 26891 | D:13     | Found a huge runed gate.
 26893 | D:13     | Found a huge runed gate.
 26894 | D:13     | Found a huge runed gate.
 26899 | D:13     | Found a huge runed gate.
 26899 | D:13     | Found a huge runed gate.
 26899 | D:13     | Found a huge runed gate.
 26899 | D:13     | Found a huge runed gate.
 26899 | D:13     | Found a huge runed gate.
 26899 | D:13     | Found a huge runed gate.
 26900 | D:13     | Found a huge runed gate.
 27033 | D:13     | Reached XP level 16. HP: 121/125 MP: 15/26
 27252 | D:13     | Found a huge runed gate.
 27252 | D:13     | Found a huge runed gate.
 27258 | D:13     | Noticed a frost giant
 27258 | D:13     | Noticed a tengu reaver
 27258 | D:13     | Noticed a fire giant
 27258 | D:13     | Noticed a fire giant
 27258 | D:13     | Noticed a shadow dragon
 27260 | D:13     | Reached skill level 9 in Staves
 27261 | D:13     | Reached skill level 7 in Spellcasting
 27262 | D:13     | Killed a frost giant
 27262 | D:13     | Reached skill level 9 in Invocations
 27263 | D:13     | Killed a fire giant
 27263 | D:13     | Killed a tengu reaver
 27263 | D:13     | Reached skill level 11 in Shields
 27263 | D:13     | Killed a fire giant
 27263 | D:13     | Killed a shadow dragon
 27635 | D:14     | Reached skill level 14 in Ice Magic
 27709 | D:14     | Found a gate to the Vaults.
 27724 | D:14     | Noticed Josephine
 27730 | D:14     | Killed Josephine
 27849 | D:14     | Found a stormy altar of Qazlal.
 27875 | D:14     | Found Cuprabur's Jewellery Shop.
 27880 | D:14     | Found a stormy altar of Qazlal.
 27938 | D:14     | Reached skill level 9 in Evocations
 27962 | D:14     | Reached skill level 9 in Armour
 28232 | D:14     | Noticed Agnes
 28247 | D:14     | Killed Agnes
 28755 | D:15     | Entered Level 15 of the Dungeon
 29191 | D:15     | Reached XP level 17. HP: 133/133 MP: 28/28
 29210 | D:15     | Reached skill level 12 in Fighting
 29397 | D:15     | Reached skill level 8 in Spellcasting
 29668 | D:15     | Found a staircase to the Depths.
 30094 | Swamp:1  | Entered Level 1 of the Swamp
 30114 | Swamp:1  | Reached skill level 10 in Invocations
 30407 | Swamp:1  | Reached skill level 10 in Staves
 31076 | Swamp:2  | Found a frozen archway.
 31313 | IceCv    | Entered an ice cave
 32467 | IceCv    | Reached skill level 12 in Shields
 32619 | IceCv    | Found the +8 Wrath of Trog {antimagic, *Rage}
 32659 | IceCv    | Identified the +2 pair of gloves of Day {+Inv rN+} (You
                  | found it in an ice cave)
 32906 | Swamp:2  | Reached skill level 10 in Evocations
 33199 | Swamp:2  | Reached skill level 10 in Armour
 33387 | Swamp:3  | Found a bloodstained altar of Trog.
 33387 | Swamp:3  | Noticed TheWayOfAllFlesh's ghost (adept TeFE)
 33398 | Swamp:3  | Noticed Jorgrun
 33425 | Swamp:3  | Killed Jorgrun
 33425 | Swamp:3  | Reached skill level 11 in Staves
 33689 | Swamp:3  | Identified the +5 morningstar of Wu Jian's Envy {distort,
                  | rElec SInv}
 33793 | Swamp:3  | Found a transporter.
 33808 | Swamp:3  | Reached XP level 18. HP: 142/142 MP: 10/30
 33816 | Swamp:3  | Noticed Donald
 33852 | Swamp:3  | Killed Donald
 33897 | Swamp:3  | Reached skill level 9 in Spellcasting
 34057 | Swamp:3  | Found a transporter.
 34085 | Swamp:3  | Reached skill level 11 in Invocations
 34605 | Swamp:4  | Entered Level 4 of the Swamp
 35433 | Swamp:4  | Reached skill level 13 in Fighting
 35588 | Swamp:4  | Identified Ipsil's Collected Works on Heat and Bewitchment
 35594 | Swamp:4  | Got a decaying rune of Zot
 35715 | Swamp:4  | Identified a scroll of acquirement
 35716 | Swamp:4  | Acquired 959 gold pieces
 36275 | Shoals:1 | Entered Level 1 of the Shoals
 36433 | Shoals:1 | Reached skill level 12 in Staves
 36492 | Shoals:1 | Found a sparkling altar of Nemelex Xobeh.
 36977 | Shoals:2 | Reached skill level 13 in Shields
 37492 | Shoals:2 | Reached skill level 11 in Armour
 38371 | Shoals:3 | Reached XP level 19. HP: 113/149 MP: 19/32
 39123 | Shoals:4 | Entered Level 4 of the Shoals
 39258 | Shoals:4 | Reached skill level 10 in Spellcasting
 39258 | Shoals:4 | Reached skill level 12 in Invocations
 39569 | Shoals:4 | Reached skill level 13 in Staves
 39783 | Shoals:4 | Got a barnacled rune of Zot
 41012 | Elf:1    | Entered Level 1 of the Elven Halls
 41702 | Elf:1    | Identified the Compendium of Creative Confrontation
 42036 | Elf:2    | Reached skill level 14 in Shields
 42037 | Elf:2    | Reached skill level 12 in Armour
 42049 | Elf:2    | Reached skill level 14 in Fighting
 42354 | Elf:2    | Reached skill level 14 in Staves
 42361 | Elf:2    | Noticed Saint Roka
 42365 | Elf:2    | Reached XP level 20. HP: 149/159 MP: 4/34
 42369 | Elf:2    | Found a runed translucent gate.
 42395 | Elf:2    | Killed Saint Roka
 42432 | Elf:2    | Found a runed translucent gate.
 42433 | Elf:2    | Found a runed translucent gate.
 42449 | Elf:2    | Found a magical portal.
 42465 | WizLab   | Entered Cigotuvi's Fleshworks
 42542 | WizLab   | Gained mutation: Scrolls take you a little longer to read.
                  | [a shining eye]
 42550 | WizLab   | Gained mutation: You evolve. [a shining eye]
 42706 | WizLab   | Identified Cigotuvi's Catalogue of Dark Transformation
 42714 | WizLab   | Learned a level 5 spell: Irradiate
 42767 | WizLab   | Reached skill level 1 in Transmutations
 43349 | WizLab   | Found the -2 hat of the Alchemist {rElec rPois rF+ rC+ rN+
                  | MR+ rMut rCorr}
 43378 | WizLab   | Reached skill level 2 in Transmutations
 43776 | Elf:2    | Found a radiant altar of Vehumet.
 43808 | Elf:2    | Found Cesutis's Gadget Boutique.
 43819 | Elf:2    | Bought a wand of enslavement (12) for 266 gold pieces
 43819 | Elf:2    | Bought a wand of acid (7) for 418 gold pieces
 43819 | Elf:2    | Bought a wand of paralysis (9) for 209 gold pieces
 43819 | Elf:2    | Bought a wand of paralysis (10) for 228 gold pieces
 43948 | Elf:2    | Found Serupp's Jewellery Shop.
 44041 | Elf:3    | Entered Level 3 of the Elven Halls
 44181 | Elf:3    | Reached skill level 3 in Transmutations
 44648 | Elf:3    | Reached skill level 5 in Conjurations
 44778 | Elf:3    | Reached skill level 4 in Transmutations
 44829 | Elf:3    | Reached skill level 7 in Stealth
 44836 | Elf:3    | Identified the +9 hand axe of Valiance {elec, rPois Str+3}
 45158 | Elf:3    | Acquired 706 gold pieces
 45173 | Elf:3    | Reached skill level 13 in Armour
 45173 | Elf:3    | Reached skill level 15 in Shields
 45173 | Elf:3    | Reached XP level 21. HP: 164/166 MP: 21/35
 45334 | Elf:3    | Identified the ring "Huesip" {rF+ rN++ Stlth-} (You found
                  | it on level 3 of the Elven Halls)
 45358 | Elf:3    | Reached skill level 5 in Transmutations
 45361 | Elf:3    | Identified Sif Muna's Reference Book on Earthen Venom
 45393 | Elf:3    | Reached skill level 6 in Conjurations
 45544 | Elf:3    | Found the +7 great mace "Firestarter" {inner flame, rF++}
 45550 | Elf:3    | Identified the ring "Liaqux" {MR- Str+3 Int+3 SInv Stlth+}
                  | (You found it on level 3 of the Elven Halls)
 45631 | Elf:3    | Reached skill level 6 in Dodging
 45853 | Elf:3    | Found Vuopniuh's Magic Scroll Shop.
 45858 | Elf:3    | Bought a scroll of magic mapping for 49 gold pieces
 45858 | Elf:3    | Bought a scroll of acquirement for 728 gold pieces
 45858 | Elf:3    | Bought a scroll of fog for 28 gold pieces
 45860 | Elf:3    | Acquired 1131 gold pieces
 46274 | Vaults:1 | Entered Level 1 of the Vaults
 46279 | Vaults:1 | Lost mutation: Scrolls take you a little longer to read.
                  | [potion of mutation]
 46279 | Vaults:1 | Lost mutation: You evolve. [potion of mutation]
 46279 | Vaults:1 | Gained mutation: You are partially covered in molten
                  | scales. (AC +2) [potion of mutation]
 46279 | Vaults:1 | Gained mutation: Your mind is acute. (Int +2) [potion of
                  | mutation]
 46280 | Vaults:1 | Lost mutation: Your mind is acute. (Int +2) [potion of
                  | mutation]
 46280 | Vaults:1 | Lost mutation: You are partially covered in molten scales.
                  | (AC +2) [potion of mutation]
 46280 | Vaults:1 | Gained mutation: You possess an exceptional clarity of
                  | mind. [potion of mutation]
 46280 | Vaults:1 | Gained mutation: Scrolls take you a little longer to read.
                  | [potion of mutation]
 46280 | Vaults:1 | Gained mutation: You are partially covered in molten
                  | scales. (AC +2) [potion of mutation]
 46281 | Vaults:1 | Lost mutation: Scrolls take you a little longer to read.
                  | [potion of mutation]
 46281 | Vaults:1 | Lost mutation: You possess an exceptional clarity of mind.
                  | [potion of mutation]
 46281 | Vaults:1 | Gained mutation: You are partially covered in thin metallic
                  | scales. (AC +2) [potion of mutation]
 46281 | Vaults:1 | Gained mutation: You evolve. [potion of mutation]
 46281 | Vaults:1 | Gained mutation: You passively map a small area around you.
                  | [potion of mutation]
 46282 | Vaults:1 | Lost mutation: You evolve. [potion of mutation]
 46282 | Vaults:1 | Lost mutation: You passively map a small area around you.
                  | [potion of mutation]
 46282 | Vaults:1 | Gained mutation: You have an increased reservoir of magic.
                  | (+10% MP) [potion of mutation]
 46282 | Vaults:1 | Gained mutation: Your spells are a little harder to cast,
                  | but a little more powerful. [potion of mutation]
 46282 | Vaults:1 | Gained mutation: Your body sometimes deteriorates upon
                  | taking damage. [potion of mutation]
 46282 | Vaults:1 | Gained mutation: You possess an exceptional clarity of
                  | mind. [potion of mutation]
 46295 | Vaults:1 | Reached skill level 6 in Transmutations
 46633 | Vaults:1 | Reached skill level 8 in Stealth
 46967 | Vaults:1 | Reached skill level 15 in Fighting
 46967 | Vaults:1 | Reached skill level 7 in Conjurations
 46978 | Vaults:1 | Reached skill level 13 in Invocations
 46997 | Vaults:1 | Reached skill level 7 in Transmutations
 46997 | Vaults:1 | Reached skill level 11 in Evocations
 48034 | Vaults:2 | Found Ruokigh's Assorted Antiques.
 48041 | Vaults:2 | Bought a scroll of enchant armour for 262 gold pieces
 48041 | Vaults:2 | Bought a scroll labeled IHEUNA UKUNK for 35 gold pieces
 48041 | Vaults:2 | Bought a potion of curing for 105 gold pieces
 48043 | Vaults:2 | Reached skill level 9 in Transmutations
 48043 | Vaults:2 | Reached XP level 22. HP: 175/175 MP: 39/39
 48171 | Vaults:2 | Found a radiant altar of Vehumet.
 48177 | Vaults:2 | Reached XP level 23. HP: 180/181 MP: 40/40
 48249 | Vaults:2 | Reached skill level 9 in Stealth
 48465 | Vaults:2 | Reached skill level 7 in Dodging
 49253 | Vaults:2 | Reached skill level 10 in Transmutations
 49671 | Vaults:3 | Reached skill level 10 in Stealth
 49927 | Vaults:3 | Reached skill level 14 in Armour
 49937 | Vaults:3 | Found Evumukor's Weapon Shop.
 50054 | Vaults:3 | Found a runed translucent door.
 50141 | Vaults:3 | Reached skill level 12 in Evocations
 50220 | Vaults:3 | Reached skill level 14 in Invocations
 50357 | Vaults:3 | Reached skill level 8 in Dodging
 50673 | Vaults:3 | Reached XP level 24. HP: 191/191 MP: 40/40
 50901 | Vaults:3 | Found a staircase to the Crypt.
 51186 | Vaults:3 | Noticed Qoonutun's ghost (adept DsCj)
 51319 | Vaults:4 | Reached skill level 11 in Stealth
 51405 | Vaults:4 | Reached skill level 11 in Transmutations
 51601 | Vaults:4 | Reached skill level 16 in Fighting
 51631 | Vaults:4 | Noticed Sojobo
 51643 | Vaults:4 | Killed Sojobo
 51922 | Vaults:4 | Found Juodoj's Armour Shoppe.
 52641 | Depths:1 | Entered Level 1 of the Depths
 53529 | Depths:1 | Found Wocwiwnoi's Gadget Emporium.
 53529 | Depths:1 | Found Wyshrin's Jewellery Boutique.
 53530 | Depths:1 | Found Suygihoi's Gadget Emporium.
 53542 | Depths:1 | Bought an uncursed ring of protection from cold for 275
                  | gold pieces
 53574 | Depths:1 | Found Gutt's Pet Rocks.
 53579 | Depths:1 | Reached skill level 9 in Dodging
 53874 | Depths:1 | Reached skill level 12 in Stealth
 53916 | Depths:1 | Reached skill level 13 in Evocations
 54064 | Depths:1 | Reached skill level 15 in Invocations
 54069 | Depths:1 | Found a gateway to Hell.
 54078 | Depths:1 | Reached XP level 25. HP: 166/199 MP: 40/40
 54380 | Depths:2 | Reached skill level 15 in Armour
 54658 | Depths:2 | Found a runed translucent door.
 54731 | Depths:2 | Found the +6 shillelagh "Devastator" {shatter}
 55345 | Depths:2 | Noticed RaHiT's ghost (veteran GnWn)
 55385 | Depths:2 | Killed RaHiT's ghost
 55385 | Depths:2 | Reached skill level 12 in Transmutations
 55385 | Depths:2 | Reached skill level 2 in Earth Magic
 55388 | Depths:2 | Identified the +0 longbow "Tuisasam" {vorpal, rC+} (You
                  | found it on level 2 of the Depths)
 55479 | Depths:3 | Found Eciemniw's Gadget Shop.
 55483 | Depths:3 | Found Rokitila's Gadget Boutique.
 55483 | Depths:3 | Found Guduczea's Gadget Shop.
 55494 | Depths:3 | Found Hemec's Assorted Antiques.
 55500 | Depths:3 | Bought a potion of magic for 328 gold pieces
 55500 | Depths:3 | Bought a green potion for 36 gold pieces
 55500 | Depths:3 | Bought a potion of curing for 123 gold pieces
 55524 | Depths:3 | Reached skill level 3 in Earth Magic
 55565 | Depths:3 | Reached skill level 4 in Earth Magic
 55819 | Depths:3 | Reached skill level 5 in Earth Magic
 55872 | Depths:3 | Found Pifaf's Antique Armour Emporium.
 56221 | Depths:4 | Reached skill level 6 in Earth Magic
 56524 | Depths:4 | Found a one-way gate to the infinite horrors of the Abyss.
 56573 | Depths:4 | Reached skill level 7 in Earth Magic
 56788 | Depths:4 | Reached skill level 13 in Stealth
 56828 | Depths:4 | Reached skill level 8 in Earth Magic
 56920 | Depths:4 | Reached skill level 10 in Dodging
 57178 | Depths:4 | Reached skill level 9 in Earth Magic
 57193 | Depths:4 | Reached skill level 17 in Fighting
 57332 | Depths:4 | Noticed a juggernaut
 57337 | Depths:4 | Reached skill level 10 in Earth Magic
 57351 | Depths:4 | Killed a juggernaut
 57351 | Depths:4 | Reached XP level 26. HP: 188/208 MP: 40/40
 57357 | Depths:4 | Reached skill level 14 in Evocations
 57622 | Depths:4 | Identified the +2 cloak of New Discoveries {rF+ Regen+}
                  | (You found it on level 4 of the Depths)
 57756 | Depths:4 | Reached skill level 11 in Earth Magic
 58049 | Depths:4 | Found a glowing golden altar of the Shining One.
 58333 | Depths:5 | Entered Level 5 of the Depths
 58366 | Depths:5 | Found a gateway to a ziggurat.
 58382 | Depths:5 | Reached skill level 12 in Earth Magic
 58383 | Depths:5 | Reached skill level 16 in Armour
 58409 | Depths:4 | Reached skill level 14 in Stealth
 58508 | Depths:5 | Noticed Boris
 58520 | Depths:5 | Killed Boris
 58520 | Depths:5 | Reached skill level 13 in Earth Magic
 59236 | Depths:5 | Found a gate to the Realm of Zot.
 59546 | Vaults:5 | Entered Level 5 of the Vaults
 59551 | Vaults:5 | Reached skill level 14 in Earth Magic
 59554 | Vaults:5 | Reached skill level 11 in Dodging
 59683 | Vaults:4 | You fall into a shaft and drop 1 floor!
 59704 | Vaults:5 | Reached skill level 15 in Earth Magic
 59941 | Vaults:5 | Reached XP level 27. HP: 217/217 MP: 40/40
 59987 | Vaults:5 | Reached skill level 16 in Earth Magic
 60097 | Vaults:5 | Identified the +8 hand axe of Circular Logic {speed, rC+
                  | Str+3}
 60098 | Vaults:5 | Reached skill level 18 in Fighting
 60162 | Vaults:5 | Identified the +10 longbow "Xynasam" {speed, rPois rC+}
                  | (You found it on level 5 of the Vaults)
 60166 | Vaults:5 | Acquired Ihoar's Almanac of Congealing Enchantment
 60363 | Vaults:5 | Reached skill level 17 in Armour
 60540 | Vaults:5 | Reached skill level 12 in Dodging
 60578 | Vaults:5 | Identified the ring of Lucidity {rN+ Stlth-}
 60691 | Vaults:5 | Reached skill level 19 in Fighting
 60770 | Vaults:5 | Identified the cursed +1 great mace "Xuckuepp" {drain,
                  | Str+2 Stlth+}
 60896 | Vaults:5 | Reached skill level 18 in Armour
 60935 | Vaults:5 | Reached skill level 13 in Dodging
 61196 | Vaults:5 | Got a silver rune of Zot
 61670 | Vaults:5 | Learned a level 6 spell: Iron Shot
 61676 | Vaults:5 | Learned a level 5 spell: Borgnjor's Vile Clutch
 62028 | Zot:1    | Entered Level 1 of the Realm of Zot
 62137 | Zot:2    | Noticed a Killer Klown
 62158 | Zot:2    | a Killer Klown changed into a titan
 62351 | Zot:2    | Lost mutation: Your spells are a little harder to cast, but
                  | a little more powerful. [mutagenic glow]
 62622 | Zot:3    | Reached skill level 17 in Earth Magic
 62636 | Zot:3    | Reached skill level 8 in Conjurations
 62645 | Zot:3    | Gained mutation: Your body often deteriorates upon taking
                  | damage. [mutagenic glow]
 62845 | Zot:3    | Reached skill level 20 in Fighting
 63099 | Zot:4    | Reached skill level 18 in Earth Magic
 63281 | Zot:5    | Entered Level 5 of the Realm of Zot
 63457 | Zot:5    | Learned a level 5 spell: Lee's Rapid Deconstruction
 63463 | Zot:5    | Learned a level 5 spell: Yara's Violent Unravelling
 63637 | Zot:5    | Reached skill level 19 in Armour
 63867 | Zot:5    | Reached skill level 19 in Earth Magic
 64761 | Zot:5    | Noticed a Killer Klown
 64801 | Zot:5    | Killed a Killer Klown
 64930 | Zot:5    | Noticed an ancient lich
 64930 | Zot:5    | Noticed an ancient lich
 64930 | Zot:5    | Noticed an orb of fire
 64930 | Zot:5    | Noticed an orb of fire
 64931 | Zot:5    | Noticed an ancient lich
 64932 | Zot:5    | Gained mutation: You are weak. (Str -2) [an orb of fire]
 64933 | Zot:5    | Noticed an ancient lich
 64933 | Zot:5    | Noticed an ancient lich
 64934 | Zot:5    | Noticed a Killer Klown
 64936 | Zot:5    | Gained mutation: You are clumsy. (Dex -2) [an orb of fire]
 64936 | Zot:5    | HP: 4/224 [ancient lich/bolt of fire (26)]
 64936 | Zot:5    | Gained mutation: You are dopey. (Int -2) [an orb of fire]
 64954 | Zot:5    | HP: 4/224 [ancient lich/crystal spear (126)]
 64960 | Zot:5    | Killed an ancient lich
 64960 | Zot:5    | Reached skill level 20 in Earth Magic
 64962 | Zot:5    | Killed an ancient lich
 64968 | Zot:5    | Killed an ancient lich
 64970 | Zot:5    | Killed a Killer Klown
 64975 | Zot:5    | Killed an orb of fire
 64976 | Zot:5    | Reached skill level 20 in Armour
 64976 | Zot:5    | Killed an ancient lich
 64977 | Zot:5    | Killed an orb of fire
 64986 | Zot:5    | Killed an ancient lich
 65542 | Zot:5    | Reached skill level 21 in Armour
 65558 | Zot:5    | Got the Orb of Zot
 65565 | Zot:5    | Noticed a Killer Klown
 65578 | Zot:5    | a Killer Klown changed into a titan
 65657 | Zot:5    | Gained mutation: You occasionally shout uncontrollably at
                  | your foes. [mutagenic glow]
 65781 | Zot:1    | Noticed an ancient lich
 66272 | D:5      | Gained mutation: You are very clumsy. (Dex -4) [a
                  | cacodemon]
 66347 | D:$      | Escaped with the Orb!

Illustrated notes

Levels and vault maps discovered:
D:1:      tarquinn_simple_flora_water_b, layout_loops_ring
D:2:      layout_basic, tgw_trog, kennysheep_slug_shrine
D:3:      layout_rooms
D:4:      layout_rooms, minmay_temple_entry_junction, serial_shops, shop,
          grunt_gozag_breadcrumbs
D:5:      layout_cave_pools, nicolae_overflow_hidden_temple, minitemple
D:6:      layout_cave_pools, old_standard_altar
D:7:      layout_basic, nicolae_ashenzari_panopticon, fedhas_altar_2,
          uniq_duvessa, uniq_crazy_yiuf_cottage
D:8:      layout_basic, st_stairs_6, uniq_joseph, uniq_psyche
D:9:      layout_loops_cross, makhleb_blood_cavern_becter, lemuel_old_faithful,
          uniq_erica, uniq_harold
D:10:     minmay_slanted_spiral_squares, layout_long_grid, serial_shops,
          kennysheep_mini, nicolae_wwwww, nooodl_orcs_dogs, uniq_maggie
D:11:     layout_layer_cave, erik_lair_island, basic_altar, minmay_three_doors
D:12:     lemuel_flame_loot_2, layout_irregular_city, david_orc_2,
          gauntlet_entry_generic
D:13:     layout_small_grid, door_vault
D:14:     layout_basic, skrybe_vaults_entry_preservation, basic_altar,
          serial_shops, shop, lemuel_round_altar, uniq_josephine, uniq_agnes
D:15:     hangedman_depths_entry_civil_slaughter, layout_grid_maze
Lair:1:   layout_regular_city
Lair:2:   layout_small_grid, basic_altar, cheibrodos_lair_lostbears
Lair:3:   cheibrodos_lair_river_kwai, layout_long_grid,
          skrybe_swamp_entry_bodies, chequers_serial_rivers_large_a,
          infiniplex_staircase_pool, grunt_megastairs_1
Lair:4:   gammafunk_cloud_chamber, layout_hall_layers,
          elwin_shoals_entry_stream, roderic_batcave, lemuel_fruit_fields
Lair:5:   layout_long_grid, st_stairs_7, chequers_serial_rivers_small_3,
          grunt_megastairs_2, minmay_lair_oklob_chamber
Lair:6:   due_jungle_book, layout_regular_city, minmay_slime_entry_oklob_open,
          lightli_volcano_entry_magma_tube, serial_rivers,
          chequers_serial_rivers_room_b, chequers_serial_rivers_small_b,
          chequers_serial_rivers_micro_d, chequers_serial_rivers_room_b,
          infiniplex_staircase_pool_2
Swamp:1:  layout_basic_swamp, evilmike_swamp_ruin_house_1
Swamp:2:  layout_falls_marsh, portal_ice_cave_entry_ice_statue_one,
          hangedman_swamp_pad
Swamp:3:  layout_falls_marsh, gammafunk_ghost_wrathful_warriors,
          nicolae_swamp_orc_logging_accident, uniq_jorgrun, uniq_donald
Swamp:4:  swamp, layout_basic_swamp
Shoals:1: layout_shoals, lemuel_altar_in_water
Shoals:2: layout_shoals, nicolae_shoals_drake_roost
Shoals:3: layout_shoals
Shoals:4: shoals_end_grunt_garden, layout_shoals, nicolae_shoals_cliffside_cave,
          nicolae_shoals_wave_tunnel
Orc:1:    layout_caves
Orc:2:    pf_orc_diabolical, layout_caves, basic_altar, serial_shops, shop
Elf:1:    layout_geoelf_octagon, minmay_elf_sorcery, nicolae_twisting_strands
Elf:2:    layout_rooms, serial_shops, nicolae_shop_window_shopping, basic_altar,
          mu_enter_wizlab_4, minmay_shop_grid_forest, uniq_saint_roka
Elf:3:    grunt_elf_hall_diamonds, layout_loops_corners, serial_shops,
          nicolae_shop_stone, onia_ninara_cookie
Vaults:1: ontoclasm_vaults_fault, v_alt_pattern_2, v_misc_28, vaults_room_pools,
          ontoclasm_vaults_pinch, nicolae_vaults_little_squares_1,
          hangedman_vaults_capsules, ontoclasm_vaults_loading_screen,
          nicolae_vaults_alarming, ontoclasm_vaults_eye,
          layout_vaults_chaotic_city
Vaults:2: v_rooms_4, hangedman_vaults_snaps, hangedman_vaults_nails,
          hangedman_vaults_corner_blocks, grunt_tower_of_power,
          vaults_room_pool, v_misc_16, v_rooms_5, vaults_mumra_hex,
          vaults_room_fours, layout_vaults_omnigrid, serial_glass, serial_shops,
          nicolae_shop_crystal
Vaults:3: ebering_vaults_ghost_reflecting_pool, v_rooms_1, v_misc_27,
          hangedman_vaults_cutoff, hangedman_vaults_trim, nicolae_vaults_big_ls,
          v_misc_29, vaults_dpeg_cross, minmay_crypt_entry_skeletal_spiral,
          nicolae_vaults_rhombus_7, nicolae_vaults_little_squares_1,
          vaults_dpeg_hooks, nicolae_vaults_shelves_hall,
          vaults_room_hangedman_quadrants, layout_vaults_omnicross,
          serial_shops, shop
Vaults:4: grunt_vaults_twisty, nicolae_vaults_little_squares_2,
          special_room_vaults [special_room_orc], v_misc_13, v_misc_11,
          nicolae_vaults_little_squares_2, v_misc_12, hangedman_vaults_hat,
          v_misc_9, vaults_room_corners, vaults_mumra_lcd, v_misc_15,
          layout_vaults_omnibox, serial_shops, shop, uniq_sojobo
Vaults:5
Depths:1: layout_gridlike, rand_demon_pan_entry_7, hell_entry,
          kennysheep_big_empty_room, guppyfry_shop_earth,
          kennysheep_random_hallway, minmay_shop_grove
Depths:2: minmay_roctagon, layout_gridlike, gammafunk_ghost_grave,
          grunt_hell_entry_dis_old, serial_sigils, serial_sigils_hangedman_scar,
          serial_sigils_hangedman_shear, serial_sigils_hangedman_gut,
          serial_sigils_hangedman_gut, serial_sigils_hangedman_writhe,
          infiniplex_staircase_zigzag_2, serial_bayou_shore_b
Depths:3: cheibrodos_quadrivalence, layout_gridville, serial_bayou_pond_e,
          pf_hell_entry_great_geh, pan_entry, serial_shops,
          kennysheep_little_box, minmay_shoptagon, minmay_staircase_statues,
          uniq_margery
Depths:4: kennysheep_green_arena, layout_gridville, grunt_mini_vestibule,
          tso_altar, abyss_entry, st_stairs_5, serial_bayou_shore_a,
          infiniplex_staircase_zigzag_3, grunt_megastairs_4,
          serial_bayou_shore_b
Depths:5: evilmike_zot_entry_round, layout_cave_pools, enter_ziggurat_b,
          hellmouth_1, serial_sigils_hangedman_shear, bh_walls_and_bars,
          uniq_boris
Zot:1:    layout_gridville, grunt_ministairs_9
Zot:2:    layout_concentric_octagons, zot_minivault_1
Zot:3:    layout_onion_interference
Zot:4:    layout_misc_corridors, ebering_ghost_gozag, nicolae_zot_crop_circle
Zot:5:    layout_basic

Skill      XL: |  1  2  3  4  5  6  7  8  9 10 11 12 13 14 15 16 17 18 19 20 21 22 23 24 25 26 27 |
---------------+----------------------------------------------------------------------------------+-----
Stealth        | 3 4 5 6 7 8 10 12 13 14 | 14.0
Ice Magic      | 5 6 7 10 11 13 14 | 14.2
Summonings     | 1 5 6 |  6.0
Shields        | 1 2 5 8 9 10 11 12 13 14 15 | 15.0
Fighting       | 3 5 6 8 9 10 11 12 13 14 15 16 17 20 | 20.0
Invocations    | 2 6 7 8 9 10 11 12 13 14 15 | 15.0
Spellcasting   | 4 5 6 7 8 9 10 | 10.0
Armour         | 3 5 6 7 8 9 10 11 12 13 14 15 16 21 | 21.7
Conjurations   | 4 5 7 8 |  8.0
Evocations     | 1 4 6 8 9 10 11 12 13 14 | 14.3
Dodging        | 4 5 6 8 9 10 11 13 | 13.0
Staves         | 4 8 9 11 12 14 | 14.0
Transmutations | 4 9 10 11 12 | 12.0
Earth Magic    | 10 15 20 | 20.0

Action                   |  1- 3 |  4- 6 |  7- 9 | 10-12 | 13-15 | 16-18 | 19-21 | 22-24 | 25-27 || total
-------------------------+-------+-------+-------+-------+-------+-------+-------+-------+-------++-------
Melee: Unarmed           |     1 |       |     7 |       |       |       |       |       |       ||     8
       Spear             |     1 |    35 |    30 |       |       |       |       |       |       ||    66
       Staff             |       |    14 |   146 |   446 |   979 |   726 |   684 |    26 |       ||  3021
       Quarterstaff      |       |       |    63 |       |       |       |       |       |       ||    63
       War axe           |       |       |       |    22 |       |       |       |       |       ||    22
       Lajatang          |       |       |       |       |       |   607 |   794 |  1229 |  2386 ||  5016
Throw: Dart              |       |       |       |     2 |     1 |     2 |       |       |       ||     5
 Cast: Freeze            |    44 |    18 |    56 |    20 |     7 |       |     4 |       |       ||   149
       Frozen Ramparts   |     1 |    18 |    23 |    48 |    27 |    13 |     7 |     1 |       ||   138
       Summon Ice Beast  |       |       |    21 |    36 |    66 |    43 |    13 |       |       ||   179
       Ozocubu's Armour  |       |       |     3 |    13 |    13 |    18 |    11 |     5 |     2 ||    65
       Hailstorm         |       |       |       |     5 |    29 |    42 |    79 |    31 |    44 ||   230
       Irradiate         |       |       |       |       |       |       |       |    15 |    41 ||    56
       Iron Shot         |       |       |       |       |       |       |       |       |    51 ||    51
       Borgnjor's Vile C |       |       |       |       |       |       |       |       |     3 ||     3
Invok: Bend Time         |       |       |     6 |       |     1 |     3 |       |       |       ||    10
       Slouch            |       |       |       |       |     4 |    20 |     2 |     6 |    13 ||    45
       Step From Time    |       |       |       |       |       |       |       |       |     1 ||     1
 Abil: Evoke Invisibilit |       |       |       |       |     2 |       |     1 |     1 |     7 ||    11
       Dig               |       |       |       |       |     1 |    14 |     4 |       |     3 ||    22
       Shaft Self        |       |       |       |       |       |       |       |       |     1 ||     1
Evoke: Wand              |       |       |       |     6 |    11 |    50 |       |       |     4 ||    71
       Condenser vane    |       |       |       |       |     1 |     4 |       |     1 |     1 ||     7
       Tin of tremorston |       |       |       |       |       |       |       |     3 |       ||     3
       Box of beasts     |       |       |       |       |       |       |       |       |     1 ||     1
  Use: Scroll            |     5 |     2 |    17 |     4 |    16 |    15 |    13 |     4 |    26 ||   102
       Potion            |       |     1 |     5 |       |     2 |     1 |     6 |       |    18 ||    33
 Stab: Sleeping          |       |     4 |    10 |     5 |    12 |    18 |    17 |    11 |    18 ||    95
       Distracted        |       |       |     1 |     3 |     5 |     3 |     4 |       |     3 ||    19
       Paralysed         |       |       |       |       |     9 |       |       |       |       ||     9
       Invisible         |       |       |       |       |     9 |       |    10 |     1 |    19 ||    39
Armor: Robe              |     8 |     6 |    56 |       |       |       |       |       |       ||    70
       Skin              |       |       |     5 |       |       |       |       |       |       ||     5
       Ring mail         |       |       |    21 |       |       |       |       |       |       ||    21
       Pearl dragon scal |       |       |     3 |   343 |   290 |   518 |   291 |   310 |   733 ||  2488
Dodge: Dodged            |    13 |    35 |   180 |   318 |   335 |   407 |   268 |   404 |   998 ||  2958
Block: Buckler           |       |       |    53 |   131 |       |       |       |       |       ||   184
       Kite shield       |       |       |       |    90 |   343 |       |       |       |       ||   433
       Tower shield      |       |       |       |       |   871 |  1657 |  1409 |  1458 |  3094 ||  8489
       Reflection        |       |       |       |       |    43 |    56 |   153 |    77 |   111 ||   440

Table legend: (Time is in decaauts)
 A = Elapsed time spent in this place.
 B = Non-inter-level travel time spent in this place.
 C = Inter-level travel time spent in this place.
 D = Time resting spent in this place.
 E = Time spent auto-exploring this place.
 F = Levels seen in this place.
 G = Mean time per level.
                   A        B        C        D        E       F      G
               +--------+--------+--------+--------+--------+-----+--------+
         Total |  94126 |  86521 |   7605 |   7717 |  58579 |  52 | 1810.1 |
       Dungeon |  26994 |  24439 |   2555 |   1986 |  17578 |  15 | 1799.6 |
          Lair |  13172 |  11764 |   1408 |    440 |   9365 |   6 | 2195.3 |
         Swamp |   6166 |   5831 |    335 |    824 |   3847 |   4 | 1541.5 |
        Shoals |   6537 |   6126 |    411 |    496 |   4204 |   4 | 1634.2 |
  Orcish Mines |   3639 |   3392 |    247 |     99 |   2486 |   2 | 1819.5 |
   Elven Halls |   5512 |   5378 |    134 |    356 |   3589 |   3 | 1837.3 |
        Vaults |  12926 |  12021 |    905 |    100 |   8532 |   5 | 2585.2 |
        Depths |  10957 |   9732 |   1225 |      0 |   7603 |   5 | 2191.4 |
           Zot |   4315 |   3935 |    380 |   1956 |    599 |   5 |  863.0 |
      Ice Cave |   1590 |   1590 |      0 |    900 |      0 |   1 | 1590.0 |
        Wizlab |   1588 |   1588 |      0 |    432 |    530 |   1 | 1588.0 |
      Gauntlet |    724 |    724 |      0 |    128 |    242 |   1 |  724.0 |
               +--------+--------+--------+--------+--------+-----+--------+

Top non-repeatable levels by time:
Depths:4: 3231 daAuts
  Lair:6: 3032 daAuts
Vaults:5: 2929 daAuts
Vaults:2: 2812 daAuts
   Elf:3: 2811 daAuts
   Zot:5: 2698 daAuts
Depths:1: 2637 daAuts
  Lair:3: 2611 daAuts
Vaults:3: 2581 daAuts
    D:14: 2556 daAuts
    D:10: 2495 daAuts
   Orc:2: 2494 daAuts
Vaults:1: 2470 daAuts
  Lair:2: 2181 daAuts
    D:15: 2142 daAuts
